 Dungeon Crawl Stone Soup version 0.31.0-11-ge490571c62 (webtiles) character file.

Game seed: 18269461220634664506

149 qw the Shooter (level 5, -1/26 HPs)
             Began as a Spriggan Hunter on Feb 4, 2024.
             Slain by Terence
             ... wielding a +5 falchion of freezing
              (8 damage)
             ... on level 3 of the Dungeon.
             The game lasted 00:00:08 (2245 turns).

qw the Shooter (Spriggan Hunter)                    Turns: 2245, Time: 00:00:08

Health: -1/26      AC:  3    Str:  7    XL:     5   Next: 9%
Magic:  6/6        EV: 20    Int: 10    God:
Gold:   123        SH:  0    Dex: 21    Spells: 4/4 levels left

rFire   + . .        a - +0 shortbow
rCold   . . .        (shield currently unavailable)
rNeg    + . .        c - +0 robe
rPois   .            (helmet restricted)
rElec   .            e - +0 cloak
rCorr   .            (gloves unavailable)
SInv    +            (boots unavailable)
Will    .....        (no amulet)
Stlth   ++           i - ring of protection from fire
HPRegen 0.24/turn    l - ring of positive energy
MPRegen 0.10/turn

%: no passive effects
@: very quick
A: very small, no large weapons, unfitting armour, see invisible, speed 3
a: no special abilities


You were on level 3 of the Dungeon.
You visited 1 branch of the dungeon, and saw 3 of its levels.

You collected 123 gold pieces.


Innate Abilities, Weirdness & Mutations

You are very small and have problems with some larger weapons.
You are too small for most types of armour.
You have supernaturally acute eyesight. (SInv)
You cover ground extremely quickly. (Speed+++)


   Skills:
 - Level 2.0 Fighting
 + Level 5.2 Ranged Weapons
 - Level 5.0 Dodging
 - Level 1.5 Stealth


You had 4 spell levels left.
You didn't know any spells.
Your spell library was empty.

Inventory:

Hand Weapons
 a - a +0 shortbow (weapon)
Armour
 c - a +0 robe (worn)
 e - a +0 cloak (worn)
Jewellery
 i - a ring of protection from fire (left hand)
 j - a ring of ice
 l - a ring of positive energy (right hand)
Scrolls
 b - a scroll of fear {unknown}
 d - 2 scrolls of teleportation
Potions
 f - a potion of resistance
 g - a potion of lignification {unknown}
 h - 2 potions of curing {unknown}
 n - a potion of heal wounds
 o - a potion of magic {unknown}

Dungeon Overview and Level Annotations

Branches:
Dungeon (3/15)

Altars:

Annotations:
D:3 Sigmund, Terence


Message History

Things that are here:
a +0 club; a goblin corpse You now have 123 gold pieces (gained 14).
Found a stone staircase leading up.
Enter note:
h - 2 dark potions (gained 1)
You see here a +0 leather armour.
Found a stone staircase leading down.
Terence the Incautious comes into view.
He is wielding a +5 falchion of freezing.
You shoot an arrow.
The arrow hits Terence but does no damage.
Terence shouts!
You shoot an arrow. The arrow hits Terence!
Terence is heavily wounded.
You shoot an arrow. The arrow closely misses Terence.
Sigmund the Dreaded comes into view.
He is wielding a +0 scythe.
Enter note:
Enter note: You shoot an arrow.
The arrow barely misses Terence.
Sigmund shouts!
You shoot an arrow.
The arrow hits Terence but does no damage.
Terence is heavily wounded.
Terence hits you with a +5 falchion of freezing.
Terence freezes you.
You shoot an arrow.
The arrow hits Terence but does no damage.
Terence is heavily wounded.
Terence shouts, "DIE!!!"
Terence hits you with a +5 falchion of freezing!
Terence freezes you.
You shoot an arrow. The arrow hits Terence.
Terence is severely wounded.
Terence hits you with a +5 falchion of freezing.
Terence freezes you.
Sigmund says, "Now you see me, now you don't..."
You shoot an arrow. The arrow closely misses Terence.
Terence hits you with a +5 falchion of freezing!
You die...
Terence says, "Rest in peace."

#)#
########......
#.# ##.#.#
####### #.#
##....# #.##.#
###.....# #.##.#
....... #.##.#
#....@ #)##.#
#...# # #.##.#
#..@#### #
##.##.# #..@...#
# #...#.#
#...##.# #
.#.#..#
######.### #
##.##.###.#
#.....# ### #
##........#
#.###.####.######
......###.# ...
#............
.###.## ### #
#.####.......
....##
....####.######
.#### .......<[.#
#


You could see Sigmund and Terence.

Vanquished Creatures
  10 adders
  A dart slug (D:3)
  2 orcs (D:3)
  3 bats
  3 endoplasms (D:1)
  6 goblins
  2 hobgoblins (D:3)
  8 jackals
  3 kobolds
  3 quokkas
  10 ball pythons
  2 rats
53 creatures vanquished.

Notes
Turn   | Place    | Note
-------+----------+-------------------------------------------
     0 | D:1      | qw the Spriggan Hunter began the quest for the Orb.
     0 | D:1      | Reached XP level 1. HP: 10/10 MP: 2/2
     0 | D:1      | 0 ||| qw: Version: 0.3-a-160-g6735b56
     0 | D:1      | 0 ||| qw: Game counter: 4926
     0 | D:1      | 0 ||| qw: Melee chars always use a shield: true
     0 | D:1      | 0 ||| qw: God list: Okawaru
     0 | D:1      | 0 ||| qw: Allow faded altars: false
     0 | D:1      | 0 ||| qw: Do Orc after clearing Dungeon:15 true
     0 | D:1      | 0 ||| qw: Do second Lair branch before Depths: true
     0 | D:1      | 0 ||| qw: Lair rune preference: random
     0 | D:1      | 0 ||| qw: Goals: Normal
     0 | D:1      | 0 ||| PLANNING D:1-11
   215 | D:1      | Reached skill level 3 in Dodging
   619 | D:1      | Reached XP level 2. HP: 14/14 MP: 3/3
  1001 | D:1      | 1001 ||| UPGRADING to +0 cloak.
  1006 | D:1      | 1006 ||| READING 2 scrolls labelled MAYCSI JYEC.
  1009 | D:1      | 1009 ||| READING scroll labelled RUOBUD AZUKYSO.
  1010 | D:1      | 1010 ||| READING scroll labelled QUF MILUGOERO.
  1011 | D:1      | 1011 ||| DROPPING scroll of butterflies.
  1191 | D:2      | Reached XP level 3. HP: 18/18 MP: 4/4
  1496 | D:2      | Reached XP level 4. HP: 22/22 MP: 5/5
  1885 | D:2      | 1885 ||| UPGRADING to ring of protection from fire.
  1886 | D:2      | 1886 ||| UPGRADING to ring of positive energy.
  1887 | D:2      | 1887 ||| READING scroll labelled SIOFUS EHIUF.
  1888 | D:2      | 1888 ||| READING scroll labelled YRAAGG NOAT.
  1888 | D:2      | 1888 ||| IDENTIFYING fizzy puce potion
  1889 | D:2      | 1889 ||| READING scroll labelled EMANIFA LIFIE.
  1890 | D:2      | 1890 ||| READING scroll labelled PAFOANWYAMN.
  1891 | D:2      | 1891 ||| DRINKING 2 inky potions.
  1892 | D:2      | 1892 ||| DRINKING 2 cyan potions.
  1893 | D:2      | 1893 ||| DROPPING potion of attraction.
  2016 | D:3      | Reached XP level 5. HP: 26/26 MP: 6/6
  2236 | D:3      | Noticed Terence
  2240 | D:3      | Noticed Sigmund
  2245 | D:3      | Slain by Terence

Levels and vault maps discovered:
D:1:      lemuel_arrival_cross, layout_basic
D:2:      layout_loops_ring, minmay_snake_closets
D:3:      layout_loops_ring, serial_shops, nicolae_shop_hallway_plus,
          uniq_terence, uniq_sigmund, uniq_crazy_yiuf_cottage, uniq_robin

Skill      XL: |  1  2  3  4 |
---------------+-------------+-----
Dodging        | 3 4 5 |  5.0
Ranged Weapons | 5 |  5.2
Fighting       | 2 |  2.0
Stealth        | |  1.5

Action                     |  1- 3 |  4- 6 || total
---------------------------+-------+-------++-------
   Fire: Shortbow          |    81 |    83 ||   164
    Use: Scroll            |     3 |     4 ||     7
         Potion            |       |     2 ||     2
 Armour: Robe              |     9 |    13 ||    22
  Dodge: Dodged            |    36 |    33 ||    69

Table legend:
 A = Non-vault XP
 B = Vault XP
 C = Vault XP percentage of total XP
 D = Non-vault monster count
 E = Vault monster count
 F = Vault count percentage of total count
                 A         B        C        D         E       F
            +---------+---------+-------+---------+---------+-------
      Total |     113 |     100 |  46.9 |      42 |      11 |  20.8
            +---------+---------+-------+---------+---------+-------
        D:1 |      25 |       0 |   0.0 |      14 |       0 |   0.0
        D:2 |      52 |     100 |  65.8 |      16 |      11 |  40.7
        D:3 |      36 |       0 |   0.0 |      12 |       0 |   0.0
            +---------+---------+-------+---------+---------+-------
